 Dungeon Crawl Stone Soup version 0.31-a0-875-g02e7d12df6 (webtiles) character file.

Game seed: 3940962781134106777

163 Fodor the Covered (level 5, -2/47 HPs)
             Began as a Minotaur Fighter on Oct 12, 2023.
             Succumbed to an orc warrior's poison
             ... on level 4 of the Dungeon.
             The game lasted 00:13:36 (2784 turns).

Fodor the Covered (Minotaur Fighter)                Turns: 2784, Time: 00:13:36

Health: -2/47      AC:  7    Str: 22    XL:     5   Next: 20%
Magic:  4/4        EV:  9    Int:  5    God:
Gold:   186        SH:  4    Dex: 10    Spells: 4/4 levels left

rFire   . . .        A - +1 demon trident (flame)
rCold   . . .        c - +0 buckler
rNeg    . . .        b - +0 scale mail
rPois   .            (helmet restricted)
rElec   .            (no cloak)
rCorr   .            (no gloves)
SInv    .            (no boots)
Will    .....        (no amulet) Stlth
                     (no ring)
HPRegen 0.27/turn    (no ring)
MPRegen 0.09/turn

%: no passive effects
@: mighty, lethally poisoned (-2 -> -24)
A: horns 2, retaliatory headbutt
a: no special abilities


You were on level 4 of the Dungeon.
You visited 1 branch of the dungeon, and saw 4 of its levels.

You collected 186 gold pieces.

Inventory:

Hand Weapons
 A - a +1 demon trident of flaming (weapon)
Missiles
 n - a throwing net (quivered)
 t - 4 javelins
 y - 5 curare-tipped darts
Armour
 b - a +0 scale mail (worn)
 c - a +0 buckler (worn)
Jewellery
 q - a +6 ring of intelligence
 s - a ring of ice
Talismans
 o - a flux talisman
Wands
 v - a wand of paralysis (13)
Scrolls
 e - a scroll of fear {unknown}
 f - 2 scrolls of blinking {unknown}
 i - 3 scrolls of poison {unknown}
 j - a scroll of noise {unknown}
 k - 5 scrolls of teleportation {unknown}
 m - 4 scrolls of identify {unknown}
 p - a scroll of amnesia {unknown}
 r - a scroll of vulnerability {unknown}
 w - 2 scrolls of fog {unknown}
Potions
 a - a potion of ambrosia {unknown}
 g - a potion of attraction {unknown}
 l - a potion of lignification {unknown}
 x - a potion of brilliance {unknown}
 z - a potion of enlightenment


   Skills:
 + Level 4.4 Fighting
 + Level 4.4 Long Blades
 + Level 0.5 Polearms
 + Level 4.7 Armour
 + Level 0.8 Dodging
 + Level 4.2 Shields


You had 4 spell levels left.
You didn't know any spells.
Your spell library contained the following spells:

 Spells                   Type           Power      Damage    Failure   Level
 Simulacrum               Ice/Necr       0%         N/A       100%        6
 Ozocubu's Refrigeration  Ice            0%         4d7       100%        7
 Polar Vortex             Ice            0%         N/A       100%        9


Dungeon Overview and Level Annotations

Branches:
Dungeon (4/15)
 Temple: D:4-7

Altars:


Innate Abilities, Weirdness & Mutations

You have a pair of horns on your head.
You reflexively headbutt those who attack you in melee.


Message History

Found 2 scrolls labelled GAWOPEREBE.
You block the goblin's attack.
You hit the goblin. You burn the goblin.
You kill the goblin!
Things that are here:
a +0 dagger; a goblin corpse
m - 4 scrolls labelled GAWOPEREBE (gained 2)
Found a stone staircase leading down.
A giant cockroach comes into view.
An orc comes into view. It is wielding a +0 club.
The orc shouts!
The giant cockroach bites you but does no damage.
The giant cockroach attacks as it pursues you!
The giant cockroach barely misses you. You furiously retaliate!
You headbutt the giant cockroach!
You kill the giant cockroach!
An orc comes into view. It is wielding a +0 dagger.
The orc shouts!
An orc warrior comes into view. It is wielding a +1 glaive of venom.
You see here a giant cockroach corpse.
The orc warrior shouts!
The orc hits you but does no damage. The orc hits you with a +0 club.
The orc warrior barely misses you. You block the orc warrior's attack.
The orc warrior attacks as it pursues you!
The orc warrior hits you from afar with a +1 glaive of venom!
You are poisoned.
You see here a giant cockroach corpse.
You feel very sick.
The orc warrior attacks as it pursues you!
The orc warrior hits you from afar with a +1 glaive of venom!
You are lethally poisoned!
The orc closely misses you. You furiously retaliate!
You headbutt the orc.
You kill the orc!
* * * LOW HITPOINT WARNING * * *
You feel extremely sick.
* * * LOW HITPOINT WARNING * * *
You feel very sick.
You feel very mighty all of a sudden.
You die...

...........................
#........#.#.#.............
#.....#.................
.####......................
........................###
........†)########....###
.....###.oo# ###....###
....# #...# ###....# ...#
#.#@# ####.. ..# #.##..#
### .# #. ##.# # ## ##


You could see an orc warrior and an orc.

Vanquished Creatures
  Jessica (D:2)
  An orc wizard (D:4)
  3 adders
  A worm (D:2)
  5 dart slugs
  5 orcs (D:4)
  9 endoplasms
  2 giant cockroaches
  4 goblins
  3 hobgoblins
  4 jackals (D:2)
  7 kobolds
  3 quokkas
  10 ball pythons
  2 bats (D:3)
  2 frilled lizards (D:3)
  5 rats
67 creatures vanquished.

Notes
Turn   | Place    | Note
-------+----------+-------------------------------------------
     0 | D:1      | Fodor the Minotaur Fighter began the quest for the Orb.
     0 | D:1      | Reached XP level 1. HP: 19/19 MP: 0/0
   166 | D:1      | Reached XP level 2. HP: 27/27 MP: 1/1
  1133 | D:2      | Reached XP level 3. HP: 33/33 MP: 2/2
  1646 | D:2      | Noticed Jessica
  1651 | D:2      | Killed Jessica
  1652 | D:2      | Reached XP level 4. HP: 37/40 MP: 3/3
  2491 | D:4      | Reached XP level 5. HP: 22/47 MP: 4/4
  2773 | D:4      | Noticed an orc warrior
  2783 | D:4      | HP: 2/47 [poisoned by an orc warrior]
  2784 | D:4      | Succumbed to an orc warrior's poison

Illustrated notes

Levels and vault maps discovered:
D:1:      minmay_arrival_floating_metal, layout_loops_ring
D:2:      layout_loops_ring, uniq_natasha, uniq_jessica
D:3:      layout_rooms, nrook_campfire
D:4:      layout_layer_cave, nicolae_letterblocks [nicolae_letter_subblock,
          nicolae_letter_subblock, nicolae_letter_subblock,
          nicolae_letter_subblock, nicolae_letter_subblock,
          nicolae_letter_subblock, nicolae_letter_subblock,
          nicolae_letter_subblock, nicolae_letter_subblock,
          nicolae_letter_subblock, nicolae_letter_subblock,
          nicolae_letter_subblock, nicolae_letter_subblock,
          nicolae_letter_subblock, nicolae_letter_subblock,
          nicolae_letter_subblock, nicolae_letter_subblock,
          nicolae_letter_subblock, nicolae_letter_subblock,
          nicolae_letter_subblock, nicolae_letter_subblock,
          nicolae_letter_subblock, nicolae_letter_subblock,
          nicolae_letter_subblock, nicolae_letter_subblock]

Skill      XL: |  1  2  3  4 |
---------------+-------------+-----
Armour         | 4 |  4.7
Fighting       | 4 |  4.4
Long Blades    | 3 4 |  4.4
Shields        | 4 |  4.2
Polearms       | |  0.5
Dodging        | |  0.8

Action                     |  1- 3 |  4- 6 || total
---------------------------+-------+-------++-------
  Melee: Long sword        |    90 |    32 ||   122
         Headbutt          |    12 |     7 ||    19
         Demon trident     |       |    22 ||    22
    Use: Potion            |       |     4 ||     4
 Armour: Scale mail        |    58 |    83 ||   141
  Dodge: Dodged            |    57 |    50 ||   107
  Block: Buckler           |    21 |    19 ||    40

Table legend: (Time is in decaauts)
 A = Elapsed time spent in this place.
 B = Non-inter-level travel time spent in this place.
 C = Inter-level travel time spent in this place.
 D = Time resting spent in this place.
 E = Time spent auto-exploring this place.
 F = Levels seen in this place.
 G = Mean time per level.
                   A        B        C        D        E       F      G
               +--------+--------+--------+--------+--------+-----+--------+
         Total |   2855 |   2846 |      9 |    231 |      0 |   4 |  713.8 |
       Dungeon |   2855 |   2846 |      9 |    231 |      0 |   4 |  713.8 |
               +--------+--------+--------+--------+--------+-----+--------+

Top non-repeatable levels by time:
     D:1: 950 daAuts
     D:2: 875 daAuts
     D:3: 663 daAuts
     D:4: 366 daAuts
